 Dungeon Crawl Stone Soup version 0.18-a0-1575-g920359c (webtiles) character file.

8716 Slippy the Covert (level 11, -3/47 HPs)
             Began as a Spriggan Enchanter on Mar 16, 2016.
             Was a High Priest of Dithmenos.
             Killed from afar by a wizard (21 damage)
             ... with a bolt of poison
             ... on level 10 of the Dungeon.
             The game lasted 01:10:17 (11471 turns).

Slippy the Covert (Spriggan Enchanter)             Turns: 11471, Time: 01:10:18

Health: -3/47      AC:  6    Str:  6    XL:     11   Next: 13%
Magic:  1/24       EV: 26    Int: 19    God:    Dithmenos [*****.]
Gold:   764        SH:  8    Dex: 20    Spells: 2 memorised, 21 levels left

rFire  . . .     SeeInvis +     j - +4 dagger (venom)
rCold  . . .     Gourm    .     r - +2 robe {MR+}
rNeg   . . .     Faith    +     m - +2 buckler
rPois  .         Spirit   .     (helmet restricted)
rElec  .         Dismiss  .     v - +1 cloak
rCorr  .         Reflect  .     (gloves unavailable)
SustAt .         Harm     .     (boots unavailable)
MR     ++...                    a - amulet of faith
Stlth  +++++++++.               h - +2 ring of strength
                                (no ring)

@: lethally poisoned (-3 -> -23), about to teleport, wreathed by umbra, very
quick, very resistant to hostile enchantments, incredibly stealthy
A: unfitting armour, see invisible, agile 1, herbivore 3, speed 3, slow
metabolism 2
a: Shadow Step, Shadow Form, Renounce Religion


You were on level 10 of the Dungeon.
You worshipped Dithmenos.
Dithmenos was extremely pleased with you.
You were not hungry.

You visited 1 branch of the dungeon, and saw 11 of its levels.
You also visited: Ossuary.

You collected 764 gold pieces.

Inventory:

Hand Weapons
 j - a +4 dagger of venom (weapon)
 y - a +4 dagger of distortion
Armour
 m - a +2 buckler (worn)
 r - a +2 robe of magic resistance (worn)
 v - a +1 cloak (worn)
Jewellery
 a - an amulet of faith (around neck)
 b - an uncursed ring of stealth
 h - a +2 ring of strength (right hand)
 i - an uncursed ring of ice
 k - an uncursed ring of protection from magic
 N - an uncursed ring of protection from fire
 U - an uncursed amulet of dismissal
Wands
 d - a wand of iceblast (7/15)
 g - a wand of polymorph (8/24)
 p - a wand of iceblast (8/15)
 A - a wand of disintegration (19/24)
 B - a wand of lightning (12/15)
 F - a wand of hasting (4/9)
 J - a wand of acid (6/15)
Scrolls
 n - 7 scrolls of remove curse
 t - 4 scrolls of enchant armour
 C - a scroll of amnesia
 D - a scroll of recharging
 L - 2 scrolls of identify
 W - a scroll of magic mapping
Potions
 e - 2 potions of mutation
 f - 3 potions of curing
 o - 2 potions of brilliance
 s - 2 potions of magic
 u - 2 potions of berserk rage
 z - 2 potions of lignification
 E - a potion of might
 G - 2 potions of agility
 H - 2 potions of haste
 I - a potion of flight
Books
 c - a book of Maledictions

   Spells                             Type                      Level
   a - Corona                         Hexes                        1
   b - Ensorcelled Hibernation        Hexes/Ice                    2
   c - Confuse                        Hexes                        3
   d - Tukima's Dance                 Hexes                        3
   e - Dazzling Spray                 Conjuration/Hexes            3
 l - a book of the Tempests

   Spells                             Type                      Level
   a - Static Discharge               Conjuration/Air              3
   b - Lightning Bolt                 Conjuration/Air              5
   c - Fireball                       Conjuration/Fire             5
   d - Tornado                        Air                          9
   e - Shatter                        Earth                        9
 x - the Catalogue of the Entourage
   (You found it on level 11 of the Dungeon)

   Spells                             Type                      Level
   a - Summon Butterflies             Summoning                    1
   b - Summon Lightning Spire         Summoning/Air                4
   c - Summon Forest                  Summoning/Translocation      5
   d - Aura of Abjuration             Summoning                    5
 T - a Grand Grimoire

   Spells                             Type                      Level
   a - Monstrous Menagerie            Summoning                    7
   b - Summon Greater Demon           Summoning                    7
   c - Malign Gateway                 Summoning/Translocation      7
   d - Summon Horrible Things         Summoning                    8
Comestibles
 q - 8 bread rations
 K - 9 slices of pizza
 O - a royal jelly
 Q - 3 fruits


   Skills:
 - Level 10.3 Short Blades
 - Level 9.3 Dodging
 - Level 10.7 Stealth
 + Level 8.1 Spellcasting
 - Level 6.2 Hexes
 - Level 4.7 Ice Magic
 * Level 6.4 Invocations


You had 21 spell levels left.
You knew the following spells:

 Your Spells              Type           Power        Failure   Level  Hunger
b - Ensorcelled Hibernat  Hex/Ice        ####..       2%          2    None
c - Confuse               Hex            ####....     4%          3    None


Dungeon Overview and Level Annotations

Branches:
Dungeon (11/15)            Temple (0/1) D:4            Lair (0/8) D:10
    Orc: D:9-12

Altars:
Cheibriados
Dithmenos
Elyvilon
Fedhas
Gozag
Makhleb
Nemelex Xobeh
Okawaru
Pakellas
Qazlal
Ru
Xom
Yredelemnul
Zin
The Shining One

Shops:
D:5 *


Innate Abilities, Weirdness & Mutations

You are tiny and cannot use many weapons and most armour.
You have supernaturally acute eyesight.
You are a herbivore.
You cover ground extremely quickly.
You need consume almost no food.
You are agile. (Dex +2)


Message History

Confirm with . or Enter, or press ? or * to list all spells.
Aiming: Ensorcelled Hibernation
Press: ? - help, Shift-Dir - straight line, f/p - wizard
Aim: a wizard, wielding a dagger and wearing a robe (black smoke, umbra, chance to defeat MR: 23%)
The wizard resists with almost no effort.
You feel sick. You block the wizard's attack. The wizard misses you.
Casting: Ensorcelled Hibernation
Confirm with . or Enter, or press ? or * to list all spells.
You don't have enough magic to cast that spell.
Unknown command.
Read which item? (? for menu, Esc to quit)
Okay, then.
Read which item? (? for menu, Esc to quit)
As you read the scroll of teleportation, it crumbles to dust.
You feel strangely unstable.
You feel sick. The wizard hits you but does no damage. The wizard misses you.
The wizard points at you and mumbles some strange words.
The bolt of poison hits you!
You are lethally poisoned!
You die...

####....##....##§§§§##..
#..##...§##...§..§§##
#...##.).§##§....§##
#....##§.§.##...§##
#.)...##§§§§######
#......§§§§##§§§)##
#.........##§§§§..##
#.##....[##§§§p§..§#
#..##..[##§§@§p§.§..#
#...#####..§§§§§.§..p
#.............§.....§
#####################


You could see 2 wizards.

Vanquished Creatures
  4 wizards (D:10)
  Psyche (D:8)
  A komodo dragon (D:8)
  A wraith (D:5)
  A human (D:9)
  A wyvern (D:8)
  A vampire (D:9)
  2 hippogriffs (D:7)
  The ghost of 4thArraOfDagon the Sneak, an amateur NaEn (D:6)
  The ghost of 4thArraOfDagon the Sneak, an amateur NaEn of Gozag (D:3)
  A steam dragon (D:9)
  2 hogs (D:9)
  An orc warrior (D:6)
  3 black bears
  3 ice beasts
  A sky beast (D:9)
  A wasp (D:7)
  2 phantoms
  4 centaurs
  A boggart (D:10)
  10 ogres
  2 crocodiles (D:10)
  2 big kobolds
  A gnoll sergeant (D:6)
  3 giant frogs
  A water moccasin zombie (D:9)
  2 scorpions (D:9)
  2 howler monkeys
  A wight (D:9)
  A centaur zombie (D:8)
  6 crimson imps
  A giant frog zombie (D:8)
  A quasit (D:9)
  4 orc priests
  6 hounds
  A gnoll shaman (D:3)
  A jelly (D:9)
  Crazy Yiuf (D:5)
  A giant frog skeleton (D:9)
  3 centaur skeletons
  Jessica (D:2)
  3 iguanas
  4 orc wizards
  9 worker ants
  2 sheep (D:9)
  2 hound skeletons
  8 mummies (Ossuary)
  A worker ant zombie (D:9)
  18 gnolls
  11 adders
  3 shadow imps
  3 oozes
  2 adder skeletons
  7 worms
  A dart slug (D:3)
  5 giant geckos
  25 orcs
  8 bats
  7 giant cockroaches
  16 goblins
  5 hobgoblins
  4 jackals (D:7)
  3 quokkas
  4 ball pythons
  A giant gecko zombie (D:7)
  3 giant newts (D:2)
  2 gnoll zombies (Ossuary)
  2 hobgoblin zombies (Ossuary)
  10 kobolds
  3 kobold zombies (Ossuary)
  An orc zombie (Ossuary)
  3 rats
  A spectral orc (D:8)
261 creatures vanquished.

Vanquished Creatures (others)
  A fungus (D:8)
  3 plants (D:8)
4 creatures vanquished.

Grand Total: 265 creatures vanquished

Notes
Turn   | Place    | Note
--------------------------------------------------------------
     0 | D:1      | Slippy the Spriggan Enchanter began the quest for the Orb.
     0 | D:1      | Reached XP level 1. HP: 9/9 MP: 5/5
   373 | D:1      | Reached XP level 2. HP: 11/13 MP: 7/7
   380 | D:1      | Learned a level 2 spell: Ensorcelled Hibernation
   974 | D:2      | Found a shadowy altar of Dithmenos.
   985 | D:2      | Became a worshipper of Dithmenos the Shadowed
  1018 | D:2      | Reached XP level 3. HP: 16/16 MP: 2/9
  1020 | D:2      | Noticed Jessica
  1046 | D:2      | Killed Jessica
  1046 | D:2      | Reached skill level 1 in Ice Magic
  1560 | D:2      | Found a snail-covered altar of Cheibriados.
  1564 | D:2      | Reached XP level 4. HP: 19/21 MP: 10/10
  1733 | D:2      | Learned a level 3 spell: Confuse
  1833 | D:3      | Noticed 4thArraOfDagon's ghost (amateur NaEn)
  1919 | D:3      | Found a shimmering altar of Xom.
  1921 | D:3      | Found a shimmering altar of Xom.
  2234 | D:3      | Found a shimmering altar of Xom.
  2235 | D:3      | Found a shimmering altar of Xom.
  2235 | D:3      | Found a shimmering altar of Xom.
  2235 | D:3      | Found a shimmering altar of Xom.
  2256 | D:3      | Reached * piety under Dithmenos
  2273 | D:3      | Found an oddly glowing altar of Pakellas.
  2672 | D:3      | Killed 4thArraOfDagon's ghost
  2672 | D:3      | Reached skill level 5 in Hexes
  2672 | D:3      | Reached XP level 5. HP: 18/24 MP: 9/12
  3275 | D:4      | Noticed an ogre
  3277 | D:4      | Reached XP level 6. HP: 28/28 MP: 12/14
  3422 | D:4      | Found a staircase to the Ecumenical Temple.
  3731 | D:4      | Reached skill level 5 in Spellcasting
  3904 | D:4      | Found a stormy altar of Qazlal.
  3957 | D:4      | Reached ** piety under Dithmenos
  4226 | D:4      | Reached XP level 7. HP: 25/32 MP: 6/15
  4357 | D:5      | Entered Level 5 of the Dungeon
  4838 | D:5      | Found Ugikubeg's Elemental Accessories.
  5087 | D:5      | Noticed Crazy Yiuf
  5098 | D:5      | Killed Crazy Yiuf
  5320 | D:5      | You fall through a shaft for 3 floors!
  5324 | D:8      | Noticed a wyvern
  5336 | D:8      | Killed a wyvern
  5336 | D:8      | Reached skill level 5 in Stealth
  5336 | D:8      | Reached XP level 8. HP: 32/36 MP: 5/17
  5378 | D:8      | You fall through a shaft for 3 floors!
  5432 | D:11     | Identified the Catalogue of the Entourage (You found it on level 11 of the Dungeon)
  5469 | D:10     | Entered Level 10 of the Dungeon
  5640 | D:9      | Reached skill level 5 in Dodging
  5782 | D:8      | Found a sand-covered staircase.
  5786 | D:8      | Reached skill level 5 in Short Blades
  5789 | Ossuary  | Entered an ossuary
  6008 | Ossuary  | Reached *** piety under Dithmenos
  6476 | D:5      | Found a burning altar of Makhleb.
  6476 | D:5      | Noticed a cacodemon
  6479 | D:5      | Noticed a smoke demon
  7306 | D:6      | Reached XP level 9. HP: 39/39 MP: 15/18
  7386 | D:6      | Found an iron altar of Okawaru.
  7475 | D:6      | Noticed 4thArraOfDagon's ghost (amateur NaEn)
  7549 | D:6      | Killed 4thArraOfDagon's ghost
  8647 | D:7      | Reached **** piety under Dithmenos
  9306 | D:8      | Noticed Psyche
  9307 | D:8      | Killed Psyche
  9337 | D:8      | Found a blossoming altar of Fedhas.
  9427 | D:8      | Noticed a komodo dragon
  9468 | D:8      | Killed a komodo dragon
  9468 | D:8      | Reached XP level 10. HP: 44/44 MP: 8/19
  9480 | D:8      | Reached skill level 10 in Stealth
  9799 | D:8      | Found a basalt altar of Yredelemnul.
  9941 | D:8      | Found a sacrificial altar of Ru.
 10367 | D:9      | Reached skill level 10 in Short Blades
 10534 | D:9      | Reached skill level 1 in Invocations
 10832 | D:9      | Found an opulent altar of Gozag.
 10832 | D:9      | Found a sparkling altar of Nemelex Xobeh.
 10856 | D:9      | Found an oddly glowing altar of Pakellas.
 10886 | D:9      | Found an iron altar of Okawaru.
 10923 | D:9      | Reached ***** piety under Dithmenos
 11000 | D:9      | Found a glowing golden altar of the Shining One.
 11001 | D:9      | Found a white marble altar of Elyvilon.
 11003 | D:9      | Found a glowing silver altar of Zin.
 11262 | D:9      | Gained mutation: You are agile. (Dex +2) [potion of beneficial mutation]
 11338 | D:10     | Found a staircase to the Lair.
 11376 | D:10     | Noticed a wizard
 11377 | D:10     | Noticed a wizard
 11383 | D:10     | Noticed a wizard
 11389 | D:10     | Killed a wizard
 11389 | D:10     | Reached skill level 5 in Invocations
 11392 | D:10     | Killed a wizard
 11392 | D:10     | Reached XP level 11. HP: 47/47 MP: 3/23
 11420 | D:10     | Noticed a wizard
 11423 | D:10     | Killed a wizard
 11428 | D:10     | Noticed a wizard
 11433 | D:10     | Killed a wizard
 11460 | D:10     | Noticed a wizard
 11461 | D:10     | Noticed a wizard
 11463 | D:10     | Noticed a wizard
 11471 | D:10     | Killed from afar by a wizard

Vault maps used:
D:1:      dpeg_arrival_rooms_a, serial_glass, glass_columns_b, glass_columns_c,
          glass_columns_b, glass_columns_b, glass_columns_c, st_stairs_8,
          serial_bayou_ford_a, roderic_roman_lattice, minmay_cupped
D:2:      marbit_many_paths, grunt_dithmenos_smoke_and_mirrors, uniq_jessica
D:3:      xom_redecorated, first_bread, grunt_pakellas_mercury
D:4:      kennysheep_mini, hangedman_abyss_or_decor_passed
D:5:      makhleb_altar_promises_db, nicolae_elemental_shop,
          uniq_crazy_yiuf_cottage
D:6:      kennysheep_small_circle
D:8:      nicolae_ru_the_path_less_chosen, yredelemnul_forgotten_temple_becter,
          lemuel_doored_altar, enter_ossuary_2, uniq_psyche
D:9:      minmay_imperfect_grid, grunt_temple_overflow_opulence,
          good_gods_temple_1, kennysheep_okawaru_gauntlet, basic_altar,
          grunt_livestock
D:10:     minmay_smoke_and_mirrors, dpeg_lair_monsters, orc_0_dummy, basic_altar
D:11:     enter_bailey_8
Ossuary:  ossuary_tomb_3

Skill      XL: |  1  2  3  4  5  6  7  8  9 10 11 |
---------------+----------------------------------+-----
Spellcasting   | 3 4 5 7 8 |  8.1
Hexes          | 4 5 6 |  6.2
Ice Magic      | 1 2 3 4 |  4.7
Short Blades   | 3 6 9 10 | 10.3
Dodging        | 4 6 8 9 |  9.3
Stealth        | 5 7 9 10 | 10.7
Invocations    | 5 6 |  6.4

Action                   |  1- 3 |  4- 6 |  7- 9 | 10-12 || total
-------------------------+-------+-------+-------+-------++-------
Melee: Dagger            |    80 |   117 |   290 |   160 ||   647
 Cast: Ensorcelled Hiber |     7 |    30 |    53 |    24 ||   114
       Confuse           |       |     6 |    32 |    16 ||    54
Invok: Shadow Step       |       |       |     1 |     1 ||     2
Evoke: Wand              |       |     1 |       |       ||     1
  Use: Scroll            |     6 |     3 |    16 |     7 ||    32
       Potion            |       |     2 |       |     1 ||     3
 Stab: Sleeping          |    12 |    23 |    69 |    38 ||   142
       Confused          |       |     5 |    15 |     8 ||    28
       Distracted        |       |     1 |     4 |     7 ||    12
  Eat: Bread ration      |       |     1 |     1 |       ||     2
